 Dungeon Crawl Stone Soup version 0.19-a0-722-g27ac516 (webtiles) character file.

2122 Folk the Covered (level 9, -2/66 HPs)
             Began as a Demonspawn Wanderer on June 21, 2016.
             Was a Believer of Makhleb.
             Slain by a killer bee (6 damage)
             ... on level 7 of the Dungeon.
             The game lasted 00:30:19 (5648 turns).

Folk the Covered (Demonspawn Wanderer)              Turns: 5648, Time: 00:30:20

Health: -2/66      AC: 14    Str: 16    XL:     9   Next: 8%
Magic:  12/12      EV:  8    Int: 13    God:    Makhleb [**....]
Gold:   418        SH:  0    Dex: 13    Spells: 0 memorised, 8 levels left

rFire  . . .     SeeInvis .     s - +2 flail (crush)
rCold  . . .     Gourm    .     i - +1 chain mail
rNeg   . . .     Faith    .     (no shield)
rPois  +         Spirit   .     (helmet restricted)
rElec  .         Dismiss  .     w - +0 cloak
rCorr  .         Reflect  .     (no gloves)
SustAt .         Harm     .     e - +0 pair of boots
MR     .....                    (no amulet)
Stlth  ..........               (no ring)
                                m - ring of poison resistance

@: lethally poisoned (-2 -> -3), not resistant to hostile enchantments,
extremely unstealthy
A: horns 1, talons 2, demonic guardian 2, nightstalker 1
a: Minor Destruction, Renounce Religion


You were on level 7 of the Dungeon.
You worshipped Makhleb.
Makhleb was pleased with you.
You were not hungry.

You visited 2 branches of the dungeon, and saw 8 of its levels.

You collected 418 gold pieces.

Inventory:

Hand Weapons
 a - a +2 quarterstaff
 s - a +2 flail of crushing (weapon)
Armour
 d - a +0 robe
 e - a +0 pair of boots (worn)
 i - a +1 chain mail (worn)
 w - a +0 cloak (worn)
Jewellery
 m - a ring of poison resistance (left hand)
Wands
 c - a wand of random effects (15/48)
 C - a wand of confusion (21/48)
Scrolls
 h - 6 scrolls of identify
 j - a scroll of remove curse
 p - a scroll of random uselessness {unknown}
 r - 2 scrolls of recharging {unknown}
 y - a scroll of teleportation {unknown}
 A - 4 scrolls of fear
 B - a scroll of magic mapping {unknown}
Potions
 k - 3 potions of brilliance
 l - 2 potions of might
 o - 3 potions of curing {unknown}
 u - 2 potions of mutation {unknown}
 v - 2 potions of cancellation {unknown}
 x - a potion of flight {unknown}
Books
 g - a book of Summonings

   Spells                             Type                      Level
   a - Recall                         Summoning/Translocation      3
   b - Aura of Abjuration             Summoning                    5
   c - Summon Demon                   Summoning                    5
   d - Summon Forest                  Summoning/Translocation      5
   e - Summon Mana Viper              Hexes/Summoning              5
   f - Shadow Creatures               Summoning                    6
Comestibles
 b - 8 fruits
 f - 4 bread rations
 n - 2 beef jerkies
 q - a royal jelly
 t - 2 meat rations
 z - 5 chunks of flesh


   Skills:
 - Level 4.6 Fighting
 - Level 4.9(5.3) Maces & Flails
 - Level 3.0(4.4) Staves
 + Level 2.2 Throwing
 - Level 7.0 Armour
 - Level 2.0 Dodging
 - Level 2.6 Stealth
 * Level 5.2 Invocations
 - Level 1.0 Evocations


You had 8 spell levels left.
You didn't know any spells.

Dungeon Overview and Level Annotations

Branches:
Dungeon (7/15)             Temple (1/1) D:4

Altars:
Dithmenos
Elyvilon
Fedhas
Hepliaklqana
Kikubaaqudgha
Makhleb
Nemelex Xobeh
Okawaru
Pakellas
Ru
Sif Muna
Vehumet
Xom
Yredelemnul
Zin


Innate Abilities, Weirdness & Mutations

You have a pair of small horns on your head.
You have razor-sharp toenails.
A demonic guardian rushes to your aid.
You are slightly more attuned to the shadows.


Message History

The killer bee closely misses you. The adder barely misses you.
The killer bee stings you.
* * * LOW HITPOINT WARNING * * *
The killer bee barely misses you.
You barely miss the adder. Your headbutt misses the adder.
The adder is almost dead.
The killer bee stings you.
* * * LOW HITPOINT WARNING * * *
The killer bee stings you.
* * * LOW HITPOINT WARNING * * *
The killer bee closely misses you. The adder barely misses you.
The killer bee stings you but does no damage.
Your smoke demon closely misses the adder.
Your smoke demon hits the adder.
The adder dies!
Makhleb accepts your kill. The killer bee stings you.
* * * LOW HITPOINT WARNING * * *
The killer bee stings you.
You die...

#....# #....##.###### #.
#....##.##...# #.
#....##.##...# #.
#....##.##...# #.
#....##.##...# #.
######.yy.##.##...######.
.......y@†3..............
...########..#########.#.
#..# #....<#. #..#
#.###.#. #..# #.#. #..#
#.#. .... ..#. #.#.


You could see 3 killer bees and a friendly smoke demon.

Vanquished Creatures
  Eustachio (D:4)
  A sky beast (D:6)
  2 ogres
  3 centaurs
  3 giant frogs (D:6)
  A scorpion (D:7)
  A howler monkey (D:7)
  2 crimson imps (D:6)
  A jelly (D:6)
  4 hounds
  2 orc priests
  2 centaur skeletons (D:6)
  7 orc wizards
  5 worker ants
  A howler monkey skeleton (D:6)
  7 adders
  3 gnolls (D:3)
  3 shadow imps
  2 oozes
  An adder zombie (D:6)
  3 worms
  A dart slug (D:1)
  3 giant geckos (D:3)
  15 orcs
  6 bats
  2 giant cockroaches (D:3)
  4 goblins
  5 hobgoblins
  2 jackals (D:2)
  3 kobolds
  3 quokkas
  3 ball pythons
  6 giant newts
  7 rats
115 creatures vanquished.

Vanquished Creatures (collateral kills)
  Sigmund (D:5)
  Edmund (D:4)
  An ogre (D:4)
  A phantom (D:7)
  A centaur (D:5)
  A giant frog skeleton (D:5)
  A hound (D:4)
  An adder (D:7)
  A shadow imp (D:5)
  A worm (D:4)
  A dart slug (D:4)
  A giant gecko (D:4)
  An orc (D:5)
13 creatures vanquished.

Grand Total: 128 creatures vanquished

Notes
Turn   | Place    | Note
--------------------------------------------------------------
     0 | D:1      | Folk the Demonspawn Wanderer began the quest for the Orb.
     0 | D:1      | Folk set off with: a +2 quarterstaff, a +0 falchion, a wand of random effects (15/48), a +0 robe, a +0 dagger, a bread ration
     0 | D:1      | Reached XP level 1. HP: 15/15 MP: 1/1
   205 | D:1      | Gained mutation: You are slightly more attuned to the shadows. [demonic ancestry]
   205 | D:1      | Reached XP level 2. HP: 17/21 MP: 2/2
   543 | D:1      | Reached skill level 1 in Armour
   651 | D:2      | Gained mutation: You have sharp toenails. [demonic ancestry]
   651 | D:2      | Reached XP level 3. HP: 25/26 MP: 3/3
   796 | D:2      | Reached skill level 2 in Armour
  1194 | D:2      | Gained mutation: You have razor-sharp toenails. [demonic ancestry]
  1194 | D:2      | Reached XP level 4. HP: 30/33 MP: 4/4
  1802 | D:3      | Reached skill level 3 in Armour
  1802 | D:3      | Gained mutation: A weak demonic guardian rushes to your aid. [demonic ancestry]
  1802 | D:3      | Reached XP level 5. HP: 28/39 MP: 5/5
  1896 | D:3      | Found a glowing silver altar of Zin.
  2326 | D:4      | Noticed Edmund
  2327 | D:4      | Reached skill level 4 in Armour
  2344 | D:4      | Killed Edmund
  2344 | D:4      | Reached XP level 6. HP: 30/47 MP: 6/6
  2367 | D:4      | Found a staircase to the Ecumenical Temple.
  2370 | D:4      | Found a sacrificial altar of Ru.
  2386 | Temple   | Entered the Ecumenical Temple
  2604 | Temple   | Became a worshipper of Makhleb the Destroyer
  2648 | D:4      | Reached skill level 5 in Armour
  2676 | D:4      | Gained mutation: A demonic guardian rushes to your aid. [demonic ancestry]
  2676 | D:4      | Reached XP level 7. HP: 17/53 MP: 7/7
  3156 | D:4      | Noticed Eustachio
  3171 | D:4      | Killed Eustachio
  3171 | D:4      | Reached skill level 1 in Maces & Flails
  3343 | D:5      | Entered Level 5 of the Dungeon
  3366 | D:5      | Noticed Sigmund
  3371 | D:5      | Killed Sigmund
  3371 | D:5      | Reached skill level 6 in Armour
  3477 | D:5      | Found a white marble altar of Elyvilon.
  3590 | D:5      | Reached * piety under Makhleb
  4340 | D:6      | Reached XP level 8. HP: 52/60 MP: 8/8
  4526 | D:6      | Reached skill level 7 in Armour
  4688 | D:6      | Found a shadowy altar of Dithmenos.
  4877 | D:6      | Reached ** piety under Makhleb
  4926 | D:6      | Reached skill level 1 in Invocations
  5159 | D:6      | Reached skill level 1 in Throwing
  5412 | D:7      | Gained mutation: You have a pair of small horns on your head. [demonic ancestry]
  5412 | D:7      | Reached XP level 9. HP: 45/66 MP: 12/12
  5601 | D:7      | Reached skill level 5 in Invocations
  5648 | D:7      | Slain by a killer bee

Vault maps used:
D:1:      dpeg_arrival_orchard
D:3:      nicolae_overflow_crystal_walls, first_bread
D:4:      overflow_temple_1_default, uniq_eustachio, uniq_edmund
D:5:      overflow_temple_1_default, uniq_sigmund
D:6:      basic_altar
D:7:      nicolae_overflow_hidden_temple, serial_shops, kennysheep_mini,
          uniq_menkaure, uniq_prince_ribbit1
Temple:   minmay_temple_bridge_abc

Skill      XL: |  1  2  3  4  5  6  7  8  9 |
---------------+----------------------------+-----
Staves         | 3 |  3.0
Dodging        | 2 |  2.0
Armour         | 1 2 3 4 5 6 7 |  7.0
Fighting       | 2 3 4 |  4.6
Maces & Flails | 3 4 |  4.9
Invocations    | 4 5 |  5.2
Throwing       | 1 2 |  2.2
Stealth        | |  2.6
Evocations     | |  1.0

Action                   |  1- 3 |  4- 6 |  7- 9 || total
-------------------------+-------+-------+-------++-------
Melee: Quarterstaff      |    93 |   108 |       ||   201
       Flail             |       |    23 |   282 ||   305
       Headbutt          |       |       |     4 ||     4
Invok: Minor Destruction |       |       |     1 ||     1
  Use: Scroll            |     5 |     2 |     2 ||     9
  Eat: Chunk             |     1 |     5 |    10 ||    16
Armor: Chain mail        |    65 |   114 |   194 ||   373
Dodge: Dodged            |    25 |    72 |   143 ||   240
